 Dungeon Crawl Stone Soup version 0.20.0 (webtiles) character file.

176 azrac the Bolt Thrower (level 5, -5/41 HPs)
             Began as a Formicid Hunter on June 4, 2017.
             Slain by an orc
             ... wielding a +1 falchion of electrocution
              (20 damage)
             ... on level 3 of the Dungeon.
             The game lasted 00:02:36 (2963 turns).

azrac the Bolt Thrower (Formicid Hunter)            Turns: 2963, Time: 00:02:37

Health: -5/41      AC:  6    Str: 17    XL:     5   Next: 86%
Magic:  5/5        EV: 13    Int: 11    God:
Gold:   95         SH:  0    Dex: 11    Spells: 4/4 levels left

rFire    . . .     SeeInvis +   b - +3 quarterstaff (chaos)
rCold    . . .     Gourm    .   (no shield)
rNeg     . . .     Faith    .   c - +0 leather armour
rPois    .         Spirit   .   (helmet unavailable)
rElec    .         Reflect  .   p - +1 cloak {MR+}
rCorr    .         Harm     .   (no gloves)
MR       +....                  i - +0 pair of boots
Stlth    +.........             (no amulet)
Regen    0.2/turn               e - +1 ring of evasion
MPRegen  0.1/turn               (no ring)

@: no status effects
A: permanent stasis, dig shafts and tunnels, four strong arms, antennae 3
a: Dig, Shaft Self


You were on level 3 of the Dungeon.
You were not hungry.

You visited 1 branch of the dungeon, and saw 3 of its levels.

You collected 95 gold pieces.

Inventory:

Hand Weapons
 a - a +1 hand crossbow
 b - a +3 quarterstaff of chaos (weapon)
Missiles
 d - 20 bolts
Armour
 c - a +0 leather armour (worn)
 i - a +0 pair of boots (worn)
 p - a +1 cloak of magic resistance (worn)
Jewellery
 e - a +1 ring of evasion (left hand)
Scrolls
 m - a scroll of identify {unknown}
 r - 3 scrolls of teleportation {unknown}
Potions
 g - a potion of agility {unknown}
 j - a potion of flight {unknown}
 l - a potion of mutation {unknown}
 n - a potion of curing {unknown}
Comestibles
 f - 3 bread rations
 h - a royal jelly
 k - a meat ration
 o - 4 fruits
 q - a chunk of flesh


   Skills:
 + Level 3.2 Fighting
 * Level 5.3 Crossbows
 + Level 2.3 Armour
 + Level 2.5 Dodging
 - Level 1.2 Stealth


You had 4 spell levels left.
You didn't know any spells.

Dungeon Overview and Level Annotations

Branches:
Dungeon (3/15)

Altars:
Trog


Innate Abilities, Weirdness & Mutations

You cannot be hasted, slowed, berserked, paralysed or teleported.
You can dig through walls and to a lower floor.
Your four strong arms can wield two-handed weapons with a shield.
You have a pair of large antennae on your head. (SInv)


Message History

You miss the bat. The bat hits you but does no damage. x2
You hit the bat.
You kill the bat!
You hit the orc.
The orc is poisoned.
The air around the orc crackles with energy!
The orc is lightly wounded.
The orc closely misses you.
The orc hits you with a falchion of electrocution.
You are electrocuted!
You closely miss the orc.
The orc is moderately wounded.
The orc hits you but does no damage.
You closely miss the orc.
The orc is moderately wounded.
The orc hits you with a falchion of electrocution.
You are electrocuted!
You closely miss the orc.
The orc is heavily wounded.
The orc hits you but does no damage.
You are electrocuted!
You die...

####### ######
.......#############.....
.....?.o@..........#.#.).
.......###########.#.#.##
...................#.#)#
############....#..#.#.#
#########.......#.#)#
########.........#..##.#.#.##
...........).................
#........######.#.##########
+........+.................#


You could see an orc.

Vanquished Creatures
  A bullfrog (D:3)
  Crazy Yiuf (D:2)
  3 gnolls (D:3)
  2 adders (D:2)
  A worm (D:2)
  A dart slug (D:2)
  A leopard gecko (D:3)
  An orc (D:3)
  A giant cockroach (D:1)
  3 goblins
  A hobgoblin (D:2)
  3 quokkas (D:2)
  A ball python (D:2)
  5 bats
  2 frilled lizards
  4 kobolds
  11 rats
42 creatures vanquished.

Notes
Turn   | Place    | Note
-------+----------+-------------------------------------------
     0 | D:1      | azrac the Formicid Hunter began the quest for the Orb.
     0 | D:1      | Reached XP level 1. HP: 16/16 MP: 1/1
   508 | D:1      | Reached XP level 2. HP: 23/23 MP: 2/2
   530 | D:1      | Reached skill level 1 in Armour
  1023 | D:2      | Reached XP level 3. HP: 13/28 MP: 3/3
  1336 | D:2      | Found a runed door.
  2363 | D:2      | Noticed Crazy Yiuf
  2368 | D:2      | Killed Crazy Yiuf
  2368 | D:2      | Reached XP level 4. HP: 35/35 MP: 4/4
  2518 | D:3      | Reached skill level 5 in Crossbows
  2518 | D:3      | Reached XP level 5. HP: 41/41 MP: 5/5
  2595 | D:3      | Noticed a bullfrog
  2602 | D:3      | Killed a bullfrog
  2623 | D:3      | Noticed a moth of wrath
  2626 | D:3      | Found a bloodstained altar of Trog.
  2963 | D:3      | Slain by an orc

Skill      XL: |  1  2  3  4  5 |
---------------+----------------+-----
Armour         | 1 2 |  2.3
Dodging        | 2 |  2.5
Fighting       | 3 |  3.2
Crossbows      | 5 |  5.3
Stealth        | |  1.2

Action                   |  1- 3 |  4- 6 || total
-------------------------+-------+-------++-------
Melee: Short sword       |    74 |       ||    74
       Quarterstaff      |       |    27 ||    27
 Fire: Hand crossbow     |    12 |     4 ||    16
  Eat: Chunk             |     4 |     2 ||     6
Armor: Leather armour    |    14 |     8 ||    22
Dodge: Dodged            |    51 |    22 ||    73
